 Dungeon Crawl Stone Soup version 0.29.0-4-gdea44cf6ec (webtiles) character file.

Game seed: 14901366432602810369

86 qw the Chopper (level 4, -4/28 HPs)
             Began as a Gargoyle Berserker on Sept 8, 2022.
             Was a Believer of Trog.
             Slain by Sigmund
             ... wielding a +1 vampiric scythe
              (5 damage)
             ... on level 3 of the Dungeon.
             The game lasted 00:00:51 (2694 turns).

qw the Chopper (Gargoyle Berserker)                 Turns: 2694, Time: 00:00:51

Health: -4/28      AC: 11    Str: 22    XL:     4   Next: 50%
Magic:  4/4        EV: 10    Int:  8    God:    Trog [**....]
Gold:   105        SH:  0    Dex:  9    Spells: 3/3 levels left

rFire   . . .      SeeInvis .   Y - +0 hand axe
rCold   . . .      Faith    .   (no shield)
rNeg    + . .      Spirit   .   i - +0 scale mail
rPois   inf        Reflect  .   (helmet restricted)
rElec   +          Harm     .   g - +0 cloak
rCorr   .          Rampage  .   (no gloves)
Will    .....                   (no boots)
Stlth   ..........              f - amulet of the acrobat
HPRegen 0.09/turn               (no ring)
MPRegen 0.09/turn               (no ring)

@: on berserk cooldown, slowed, very slow
A: sickness immunity, AC +3, negative energy resistance 1, electricity
resistance, torment resistance 1, petrification resistance, antennae 1
a: Renounce Religion, Berserk, Trog's Hand


You were on level 3 of the Dungeon.
You worshipped Trog.
Trog was pleased with you.
You visited 1 branch of the dungeon, and saw 3 of its levels.

You collected 105 gold pieces.


Innate Abilities, Weirdness & Mutations

You are immune to sickness and miasma.
Your stone body is resilient. (AC +3)
You are immune to poison.
You resist negative energy. (rN+)
You are resistant to electric shocks. (rElec)
You are resistant to unholy torment.
You are immune to petrification.
You have a pair of small antennae on your head.


   Skills:
 - Level 3.2 Fighting
 + Level 4.7 Axes
 - Level 2.1 Armour
 - Level 1.5 Dodging


You had 3 spell levels left.
You didn't know any spells.
Your spell library was empty.

Inventory:

Hand Weapons
 e - a +0 mace
 Y - a +0 hand axe (weapon)
Armour
 g - a +0 cloak (worn)
 i - a +0 scale mail (worn)
Jewellery
 f - an amulet of the acrobat (around neck)
Scrolls
 h - a scroll of identify
 j - a scroll of noise {unknown}
Potions
 a - a potion of flight {unknown}
 b - a potion of curing {unknown}
 c - a potion of brilliance {unknown}
 d - 2 potions of mutation

Dungeon Overview and Level Annotations

Branches:
Dungeon (3/15)

Altars:

Shops:
D:2 =

Annotations:
D:3 Sigmund


Message History

You feel yourself slow down. The ball python barely misses you.
The ball python constricts you.
You miss the ball python. Something hits you. The ball python bites you.
The ball python constricts you.
You bump into the rock wall.
The ball python bites you but does no damage.
The ball python constricts you. Something hits you but does no damage.
The ball python bites you but does no damage.
The ball python constricts you.
You're too confused to move!
You feel less confused. The ball python barely misses you.
The ball python constricts you. Something hits you. The ball python bites you.
The ball python constricts you.
You closely miss the ball python.
The ball python bites you but does no damage.
The ball python constricts you. Something hits you.
The ball python bites you but does no damage.
The ball python constricts you.
You hit the ball python.
You kill the ball python!
Trog accepts your kill.
You hear some strange, mumbled words.
Something tries to affect you, but you resist.
Something hits you but does no damage.
You swing at nothing.
You hear some strange, mumbled words.
Something tries to affect you, but you resist.
You swing at nothing.
You hear some strange, mumbled words.
A puff of flame appears from out of thin air!
The puff of flame misses you.
A magic dart appears from out of thin air!
The magic dart hits you.
You swing at nothing.
Something hits you but does no damage.
You swing at nothing.
Something hits you!
You swing at nothing.
Something hits you.
You die...

#.#### #.....
#.####
#############.#
#.............#
#.#############
#.# #.# ## #@#
.. #%# ##
...<..{?#
####..#..
#..#.#. #.
..... .. #.# .#
.. #.# .# ...
#.# #


There were no monsters in sight!

Vanquished Creatures
  Robin (D:2)
  An adder (D:2)
  A dart slug (D:1)
  5 ball pythons
  3 bats
  6 endoplasms
  A giant cockroach (D:2)
  9 goblins
  8 hobgoblins
  4 jackals
  5 kobolds
  4 quokkas
  2 frilled lizards (D:1)
  4 rats
54 creatures vanquished.

Vanquished Creatures (others)
  A fungus (D:1)
1 creature vanquished.

Grand Total: 55 creatures vanquished

Notes
Turn   | Place    | Note
-------+----------+-------------------------------------------
     0 | D:1      | qw the Gargoyle Berserker began the quest for the Orb.
     0 | D:1      | Reached XP level 1. HP: 14/14 MP: 1/1
     0 | D:1      | 0 ||| qw: Version: 0.1-a-112-g44dc6cd
     0 | D:1      | 0 ||| qw: Game counter: 6679
     0 | D:1      | 0 ||| qw: Always use a shield: true
     0 | D:1      | 0 ||| qw: Do Orc after D:15 true
     0 | D:1      | 0 ||| qw: Do second Lair branch before Depths: true
     0 | D:1      | 0 ||| qw: Lair rune preference: random
     0 | D:1      | 0 ||| qw: Plans: Normal
     0 | D:1      | 0 ||| PLANNING D:1-11
   169 | D:1      | Reached skill level 3 in Axes
   184 | D:1      | 184 ||| INVOKING Berserk.
   438 | D:1      | 438 ||| Stepping ~*~*~tactically~*~*~ (stealth).
   446 | D:1      | Reached XP level 2. HP: 19/19 MP: 2/2
   611 | D:1      | 611 ||| INVOKING Berserk.
   911 | D:1      | Reached XP level 3. HP: 17/23 MP: 3/3
  1257 | D:1      | 1257 ||| UPGRADING to +0 ring mail.
  1267 | D:1      | 1267 ||| DROPPING +0 animal skin.
  1268 | D:1      | 1268 ||| UPGRADING to +0 cloak.
  1273 | D:1      | 1273 ||| UPGRADING to +0 scale mail.
  1283 | D:1      | 1283 ||| DROPPING +0 ring mail.
  1284 | D:1      | 1284 ||| READING scroll labelled RUMUIB QOGUF.
  1285 | D:1      | 1285 ||| READING scroll labelled POBEVU EREHEZURCH.
  1286 | D:1      | 1286 ||| READING scroll labelled VOPPIM BACLAN.
  1287 | D:1      | 1287 ||| DRINKING 3 sapphire potions.
  1287 | D:1      | Gained mutation: You have a pair of small antennae on your
                  | head. [potion of mutation]
  1303 | D:2      | 1303 ||| STAIRDANCE
  1343 | D:2      | 1343 ||| STAIRDANCE
  1347 | D:1      | 1347 ||| INVOKING Berserk.
  1561 | D:2      | 1561 ||| STAIRDANCE
  1590 | D:2      | Reached skill level 4 in Axes
  1769 | D:2      | Found Vedaoblo's Jewellery Shop.
  1773 | D:2      | 1773 ||| Stepping ~*~*~tactically~*~*~ (stealth).
  1782 | D:2      | Reached ** piety under Trog
  1836 | D:2      | 1836 ||| SHOPLISTING +4 ring of slaying (780 gold, have
                  | 60).
  1836 | D:2      | 1836 ||| SHOPLISTING amulet of the acrobat (300 gold, have
                  | 60).
  1836 | D:2      | 1836 ||| SHOPLISTING ring "Ninioss" {rN+ EV+4} (472 gold,
                  | have 60).
  1860 | D:2      | 1860 ||| Stepping ~*~*~tactically~*~*~ (stealth).
  2008 | D:2      | Reached XP level 4. HP: 24/28 MP: 4/4
  2013 | D:2      | Noticed Robin
  2016 | D:2      | 2016 ||| FLEEEEING.
  2017 | D:2      | 2017 ||| FLEEEEING.
  2018 | D:2      | 2018 ||| FLEEEEING.
  2019 | D:2      | 2019 ||| FLEEEEING.
  2020 | D:2      | 2020 ||| FLEEEEING.
  2021 | D:2      | 2021 ||| FLEEEEING.
  2022 | D:2      | 2022 ||| FLEEEEING.
  2023 | D:2      | 2023 ||| FLEEEEING.
  2024 | D:2      | 2024 ||| FLEEEEING.
  2025 | D:2      | 2025 ||| FLEEEEING.
  2026 | D:2      | 2026 ||| FLEEEEING.
  2027 | D:2      | 2027 ||| FLEEEEING.
  2028 | D:2      | 2028 ||| FLEEEEING.
  2029 | D:2      | 2029 ||| FLEEEEING.
  2030 | D:2      | 2030 ||| FLEEEEING.
  2031 | D:2      | 2031 ||| FLEEEEING.
  2032 | D:2      | 2032 ||| FLEEEEING.
  2033 | D:2      | 2033 ||| FLEEEEING.
  2034 | D:2      | 2034 ||| FLEEEEING.
  2035 | D:2      | 2035 ||| FLEEEEING.
  2036 | D:2      | 2036 ||| STAIRDANCE
  2106 | D:1      | 2106 ||| READING scroll labelled TOGEHOKEETAU.
  2109 | D:2      | 2109 ||| STAIRDANCE
  2162 | D:2      | 2162 ||| STAIRDANCE
  2205 | D:2      | 2205 ||| STAIRDANCE
  2261 | D:2      | 2261 ||| INVOKING Berserk.
  2266 | D:2      | Killed Robin
  2591 | D:2      | 2591 ||| UPGRADING to amulet of the acrobat.
  2671 | D:3      | Noticed Sigmund
  2672 | D:3      | 2672 ||| Stepping ~*~*~tactically~*~*~ (hiding).
  2677 | D:3      | 2677 ||| INVOKING Berserk.
  2693 | D:3      | HP: 1/28 [something (8)]
  2694 | D:3      | Slain by Sigmund

Levels and vault maps discovered:
D:1:      dpeg_arrival_triangle_fractal, layout_basic,
          shapermc_ecumenical_altar_petra, amethyst_killhole
D:2:      layout_rooms, serial_shops, shop_statue, uniq_robin
D:3:      layout_basic, serial_shops, shop_statue, uniq_sigmund, uniq_natasha,
          uniq_jessica

Skill      XL: |  1  2  3 |
---------------+----------+-----
Axes           | 3 4 |  4.7
Fighting       | |  3.2
Armour         | |  2.1
Dodging        | |  1.5

Action                   |  1- 3 |  4- 6 || total
-------------------------+-------+-------++-------
Melee: Hand axe          |   119 |    38 ||   157
       Punch             |     1 |       ||     1
Invok: Berserk           |     3 |     2 ||     5
  Use: Scroll            |     3 |     1 ||     4
       Potion            |     1 |       ||     1
Armor: Animal skin       |    21 |       ||    21
       Scale mail        |    33 |    26 ||    59
Dodge: Dodged            |    62 |    39 ||   101

Table legend:
 A = Non-vault XP
 B = Vault XP
 C = Vault XP percentage of total XP
 D = Non-vault monster count
 E = Vault monster count
 F = Vault count percentage of total count
                 A         B        C        D         E       F
            +---------+---------+-------+---------+---------+-------
      Total |      90 |      34 |  27.4 |      43 |      11 |  20.4
            +---------+---------+-------+---------+---------+-------
        D:1 |      51 |       8 |  13.6 |      28 |       4 |  12.5
        D:2 |      36 |      26 |  41.9 |      13 |       7 |  35.0
        D:3 |       3 |       0 |   0.0 |       2 |       0 |   0.0
            +---------+---------+-------+---------+---------+-------
